Map: [ESL] Ancient Cistern

Players

Dark - Winner!

  • Race: Zerg Zerg

Creator

  • Race: Protoss Protoss

Event: IEM Katowice 2023

VOD

Have the link to the VOD?

Description

Time

  • Played on: Feb. 11, 2023, 1:22 p.m.
  • Length: 12:36

All games in this series

Show
View Real Time Build Order
Export as new Build Order

Dark Zerg - Winner!

Build Orders: Hatch First, Swarm Host 

Get SALT Encoding   

  12  0:00  Drone  
  13  0:12  Overlord  
  13  0:16  Drone  
  14  0:30  Drone  
  14  0:31  Drone  
  14  0:34  Drone  
  17  0:52  Hatchery  
  17  0:55  Drone  
  17  0:58  Drone  
  18  1:09  Extractor  
  17  1:13  Spawning Pool  
  17  1:16  Drone  
  17  1:19  Drone  
  18  1:28  Drone  
  19  1:39  Drone  
  20  1:48  Drone  
  21  1:59  Hatchery  
  20  2:05  Queen, Zergling x2  
  23  2:11  Queen  
  25  2:15  Drone  
  25  2:21  Metabolic Boost  
  26  2:27  Overlord  
  26  2:30  Drone  
  26  2:34  Drone  
  28  2:45  Queen  
  28  2:47  Drone  
  28  2:49  Drone  
  28  2:51  Drone  
  33  2:54  Drone  
  33  2:57  Overlord  
  34  3:02  Queen  
  36  3:12  Zergling x4  
  38  3:16  Drone  
  38  3:18  Drone  
  40  3:20  Drone x2  
  40  3:22  Drone x2  
  44  3:29  Drone  
  44  3:30  Roach Warren  
  44  3:31  Drone  
  44  3:33  Drone  
  46  3:37  Overlord  
  46  3:38  Extractor  
  45  3:43  Overlord  
  45  3:46  Drone  
  45  3:47  Drone  
  45  3:48  Drone  
  48  3:50  Drone  
  48  3:53  Drone  
  50  3:58  Queen  
  50  4:02  Drone x2, Spore Crawler  
  53  4:04  Spore Crawler  
  53  4:05  Drone  
  53  4:07  Drone  
  54  4:11  Drone x2  
  54  4:13  Drone  
  54  4:15  Drone  
  58  4:18  Queen  
  60  4:24  Drone x2  
  60  4:29  Lair  
  60  4:30  Drone x2  
  60  4:31  Drone  
  65  4:36  Zergling x2  
  65  4:40  Drone x2  
  65  4:42  Overlord  
  66  4:46  Overlord  
  66  4:48  Overlord  
  66  4:50  Roach Warren  
  66  4:52  Drone  
  66  4:56  Evolution Chamber  
  66  4:57  Drone  
  66  4:58  Overlord  
  66  5:01  Drone x6  
  66  5:03  Drone  
  73  5:07  Extractor  
  73  5:09  Extractor x2  
  73  5:10  Drone  
  73  5:11  Drone x2  
  73  5:12  Drone  
  74  5:16  Drone  
  74  5:18  Drone x3  
  74  5:19  Extractor  
  77  5:27  Drone x4  
  77  5:28  Overlord, Zerg Missile Weapons Level 1  
  81  5:34  Overlord  
  80  5:37  Drone  
  80  5:41  Glial Reconstitution  
  80  5:43  Drone x2  
  82  5:55  Drone x2  
  82  5:56  Infestation Pit  
  86  5:57  Roach x6  
  86  5:58  Roach  
  86  6:01  Hatchery  
  95  6:04  Overlord  
  95  6:05  Zergling x2  
  95  6:09  Roach  
  97  6:12  Roach x2  
  97  6:15  Zergling x8  
  97  6:18  Overlord  
  105  6:19  Overlord  
  105  6:24  Overlord  
  105  6:25  Overlord  
  105  6:27  Overlord  
  105  6:34  Nydus Network  
  101  6:42  Drone  
  101  6:43  Drone x2  
  103  6:54  Drone x3  
  103  6:56  Overlord  
  106  7:03  Swarm Host x6  
  106  7:07  Ravager  
  106  7:08  Ravager  
  125  7:11  Swarm Host x4  
  125  7:15  Swarm Host x4  
  140  7:21  Nydus Canal  
  149  7:27  Drone  
  149  7:28  Drone x7  
  157  7:31  Overlord  
  157  7:32  Zerg Missile Weapons Level 2  
  157  7:42  Overlord  
  157  7:46  Swarm Host x3  
  157  7:50  Overlord  
  166  7:53  Extractor  
  166  7:54  Spore Crawler  
  166  7:55  Extractor  
  166  7:56  Roach x6  
  175  8:02  Roach x3  
  181  8:07  Overlord  
  181  8:08  Overlord  
  181  8:09  Nydus Canal  
  181  8:12  Roach x3  
  186  8:24  Roach x3  
  190  8:30  Hydralisk Den  
  189  8:34  Zergling x14  
  189  8:35  Zergling x6  
  191  8:48  Roach x3  
  191  8:49  Roach x2  
  191  8:52  Nydus Canal  
  195  9:00  Ravager x2  
  194  9:03  Hive  
  194  9:04  Lurker Den, Roach x3  
  199  9:10  Nydus Canal  
  199  9:17  Overlord, Grooved Spines  
  198  9:26  Drone  
  198  9:30  Nydus Canal  
  199  9:46  Nydus Canal  
  199  9:47  Hydralisk  
  199  9:52  Hydralisk  
  196  10:01  Hydralisk  
  194  10:14  Adaptive Talons  
  194  10:15  Hydralisk x2  
  194  10:17  Hydralisk  
  197  10:28  Muscular Augments  
  197  10:35  Lurker x3  
  198  10:39  Spore Crawler  
  198  10:40  Hydralisk x3  
  197  10:44  Hydralisk x3  
  197  10:47  Hydralisk  
  195  10:54  Hydralisk x7  
  195  10:56  Hydralisk  
  193  10:58  Hydralisk  
  187  11:06  Hydralisk x8  
  187  11:09  Hydralisk x5  
  194  11:11  Hydralisk x2, Seismic Spines  
  198  11:30  Hydralisk x5  
  198  11:31  Hydralisk x4  
  194  11:39  Hydralisk  
  183  11:40  Hydralisk x2  
  183  11:41  Hydralisk  
  183  11:46  Hydralisk  
  160  11:53  Zergling x28  
  167  11:57  Hydralisk  
  163  12:04  Hydralisk  
  163  12:05  Zergling x4  
Show
View Real Time Build Order
Export as new Build Order

Creator Protoss 

Build Orders: 1 Gate Expand, Oracle Opening, Archon Immortal 

Get SALT Encoding   

  12  0:00  Probe  
  13  0:13  Pylon  
  13  0:17  Probe (Chrono Boost)  
  14  0:27  Probe (Chrono Boost)  
  15  0:32  Probe (Chrono Boost)  
  16  0:39  Gateway  
  16  0:44  Probe  
  16  0:48  Assimilator  
  17  0:56  Probe  
  18  1:08  Probe  
  19  1:20  Probe  
  19  1:24  Nexus  
  20  1:34  Cybernetics Core  
  20  1:36  Probe  
  21  1:44  Assimilator  
  21  1:48  Probe  
  21  1:53  Pylon  
  22  2:00  Probe  
  23  2:09  Adept (Chrono Boost)  
  23  2:13  Probe  
  26  2:23  Stargate  
  26  2:25  Probe (Chrono Boost)  
  27  2:32  Warp Gate  
  27  2:36  Probe (Chrono Boost)  
  31  2:37  Probe (Chrono Boost)  
  31  2:42  Stalker  
  31  2:45  Probe (Chrono Boost)  
  31  2:46  Probe (Chrono Boost)  
  31  2:50  Probe (Chrono Boost)  
  33  2:53  Probe  
  35  3:02  Probe  
  35  3:05  Probe  
  37  3:06  Oracle (Chrono Boost)  
  40  3:16  Pylon, Gateway  
  40  3:18  Probe  
  40  3:19  Probe  
  42  3:23  Adept  
  44  3:30  Probe  
  44  3:31  Probe  
  46  3:39  Shield Battery  
  46  3:40  Oracle (Chrono Boost)  
  46  3:42  Probe  
  46  3:43  Probe  
  51  3:51  Pylon  
  51  3:54  Probe  
  51  3:55  Probe  
  53  4:07  Probe  
  53  4:09  Probe  
  55  4:11  Nexus  
  55  4:12  Oracle  
  55  4:16  Pylon  
  58  4:20  Assimilator  
  58  4:21  Probe x2  
  58  4:22  Assimilator  
  60  4:27  Gateway  
  60  4:31  Forge  
  60  4:34  Robotics Facility  
  60  4:41  Probe x2  
  62  4:49  Phoenix  
  64  4:53  Probe x2  
  64  4:55  Adept x2  
  70  5:02  Shield Battery  
  70  5:03  Pylon  
  70  5:17  Protoss Ground Weapons Level 1  
  70  5:18  Pylon  
  70  5:21  Probe (Chrono Boost)  
  70  5:22  Probe (Chrono Boost), Observer  
  70  5:23  Probe (Chrono Boost)  
  70  5:25  Zealot, Sentry  
  78  5:32  Probe x2 (Chrono Boost)  
  78  5:33  Probe (Chrono Boost)  
  81  5:37  Probe x2 (Chrono Boost)  
  81  5:38  Probe (Chrono Boost)  
  81  5:42  Immortal (Chrono Boost)  
  84  5:49  Stalker x3  
  94  6:00  Twilight Council  
  94  6:05  Gateway  
  94  6:06  Gateway, Probe x3  
  94  6:08  Assimilator x2, Gateway  
  97  6:13  Immortal (Chrono Boost)  
  101  6:23  Pylon  
  101  6:25  Photon Cannon  
  101  6:31  Pylon  
  101  6:32  Pylon  
  101  6:41  Probe x3  
  101  6:44  Zealot, Stalker  
  101  6:46  Charge  
  108  6:47  Immortal (Chrono Boost)  
  108  6:49  Templar Archives  
  108  6:50  Robotics Facility  
  108  6:51  Pylon  
  112  6:57  Probe  
  112  6:58  Probe  
  114  7:02  Photon Cannon  
  114  7:04  Zealot, Sentry  
  114  7:05  Zealot x2  
  122  7:18  Protoss Ground Weapons Level 2 (Chrono Boost)  
  122  7:19  Immortal (Chrono Boost)  
  122  7:21  Pylon  
  126  7:26  Pylon  
  126  7:30  High Templar x2, Zealot  
  126  7:35  Archon  
  132  7:37  Shield Battery, Photon Cannon  
  132  7:39  Immortal (Chrono Boost)  
  136  7:46  Zealot  
  139  7:51  Warp Prism (Chrono Boost)  
  139  7:56  Probe  
  139  7:57  Probe x2  
  131  8:03  High Templar  
  131  8:04  High Templar, Zealot  
  137  8:07  Pylon  
  137  8:09  Archon  
  137  8:10  Immortal  
  141  8:14  Probe  
  141  8:17  Shield Battery, Photon Cannon  
  142  8:26  Immortal (Chrono Boost)  
  146  8:31  Gateway  
  146  8:35  Gateway  
  146  8:38  Pylon  
  144  8:45  Zealot  
  144  8:46  Zealot x5  
  144  8:47  Immortal (Chrono Boost)  
  130  9:03  Immortal (Chrono Boost)  
  130  9:06  High Templar x4  
  130  9:08  Photon Cannon  
  142  9:11  Archon  
  142  9:12  Archon  
  142  9:17  Sentry x2  
  142  9:19  Probe x3  
  153  9:31  Probe  
  153  9:32  Immortal (Chrono Boost)  
  154  9:44  Stalker  
  154  9:45  Zealot x4, Stalker  
  160  9:46  Immortal (Chrono Boost)  
  158  9:58  High Templar x2  
  158  9:59  Pylon  
  160  10:05  Pylon  
  160  10:06  Archon  
  160  10:13  Immortal (Chrono Boost)  
  162  10:15  Stalker  
  162  10:17  Pylon  
  162  10:18  Blink (Chrono Boost)  
  164  10:27  Stalker  
  170  10:33  Zealot x4  
  154  10:44  Immortal (Chrono Boost)  
  138  10:57  Zealot  
  138  10:58  Zealot x4, Stalker x2  
  146  11:10  Immortal  
  138  11:23  High Templar x2, Stalker  
  138  11:24  Zealot  
  146  11:27  Archon  
  146  11:31  Zealot x2  
  146  11:32  Zealot x2  
  118  12:07  Stalker  
  118  12:08  Stalker x5  
  126  12:09  Stalker  

Tags
 
Add a new tag
Caveats
  • Supply blocks, unpowered buildings, or Contaminate may cause inaccurate times.
  • Supply counts are checked every 10 seconds.